 Dungeon Crawl Stone Soup version 0.21.0-3-g78d12a8 (webtiles) character file.

569 negitausen the Digger (level 7, -11/38 HPs)
             Began as a Gargoyle Earth Elementalist on Jan 15, 2018.
             Was an Initiate of Vehumet.
             Shot with an arrow by a centaur (16 damage)
             ... on level 4 of the Dungeon.
             The game lasted 00:26:30 (3033 turns).

negitausen the Digger (Gargoyle Earth Elementalist) Turns: 3033, Time: 00:26:30

Health: -11/38     AC:  7    Str: 12    XL:     7   Next: 33%
Magic:  14/14      EV: 12    Int: 17    God:    Vehumet [......]
Gold:   78         SH:  0    Dex: 10    Spells: 11/15 levels left

rFire    . . .     SeeInvis .   r - +0 scythe (curse)
rCold    . . .     Gourm    .   (shield currently unavailable)
rNeg     + + .     Faith    .   s - +0 robe
rPois    ∞         Spirit   .   (no helmet)
rElec    +         Reflect  .   (no cloak)
rCorr    .         Harm     .   (no gloves)
MR       .....                  k - +0 pair of boots
Stlth    ++........             (no amulet)
HPRegen  0.12/turn              j - ring of positive energy
MPRegen  0.14/turn              (no ring)

@: no status effects
A: negative energy resistance 1, electricity resistance, unbreathing,
petrification resistance, rot immunity, AC +4
a: Renounce Religion


You were on level 4 of the Dungeon.
You worshipped Vehumet.
Vehumet was noncommittal.
You were not hungry.

You visited 2 branches of the dungeon, and saw 5 of its levels.

You collected 78 gold pieces.

Inventory:

Hand Weapons
 f - a +0 club
 g - a +1 whip of freezing
 l - a +0 blowgun
 n - a +1 mace
 r - a cursed +0 scythe (weapon)
Missiles
 b - 27 stones (quivered)
 m - 7 needles of confusion
 p - 7 poisoned needles
Armour
 c - a +0 robe
 k - a +0 pair of boots (worn)
 s - a +0 robe (worn)
 u - a cursed -1 leather armour
Jewellery
 j - a ring of positive energy (left hand)
 q - a cursed -5 ring of dexterity
Scrolls
 i - a scroll of blinking
 o - a scroll of remove curse
 t - a scroll of identify
Potions
 a - 4 potions of curing
Books
 e - a book of Geomancy

   Spells                             Type                      Level
   a - Sandblast                      Earth                        1
   b - Passwall                       Transmutation/Earth          2
   c - Stone Arrow                    Conjuration/Earth            3
   d - Petrify                        Transmutation/Earth          4
   e - Lee's Rapid Deconstruction     Earth                        5
Comestibles
 d - 5 rations


   Skills:
 + Level 1.1 Fighting
 + Level 2.3 Maces & Flails
 - Level 0.6 Polearms
 - Level 2.6 Dodging
 - Level 2.5 Stealth
 + Level 4.8 Spellcasting
 * Level 1.4 Conjurations
   Level 0.7 Transmutations
 - Level 5.6 Earth Magic


You had 11 spell levels left.
You knew the following spells:

 Your Spells              Type           Power        Failure   Level  Hunger
a - Stone Arrow           Conj/Erth      ###...       11%         3    ###....
b - Sandblast             Erth           ###...       1%          1    None


Dungeon Overview and Level Annotations

Branches:
Dungeon (4/15)             Temple (1/1) D:4

Altars:
Ashenzari
Cheibriados
Dithmenos
Fedhas
Gozag
Kikubaaqudgha
Makhleb
Nemelex Xobeh
Okawaru
Qazlal
Ru
Trog
Uskayaw
Vehumet
The Shining One


Innate Abilities, Weirdness & Mutations

You are resistant to torment.
Your stone body is resilient. (AC +4)
You are immune to poison.
You resist negative energy. (rN+)
You are resistant to electric shocks. (rElec)
You can survive without breathing.
You are immune to petrification.
You are immune to rotting.


Message History

You hit the centaur.
The centaur is moderately wounded.
The centaur hits you. The centaur barely misses you. The centaur hits you.
You barely miss the centaur.
The centaur is moderately wounded.
The centaur barely misses you. The centaur misses you.
The centaur closely misses you.
You hit the centaur.
The centaur is moderately wounded.
The centaur closely misses you. The centaur hits you.
The centaur hits you but does no damage.
You barely miss the centaur.
The centaur is moderately wounded.
The centaur hits you.
* * * LOW HITPOINT WARNING * * *
The centaur hits you.
* * * LOW HITPOINT WARNING * * *
The centaur hits you but does no damage.
The centaur wields a shortbow.
The centaur shoots an arrow.
The arrow hits you!
You die...

##..######.....#
##..#..........#..# # ##
##........###..#..#. ...
##.............#..#. #.#.
###'#.##........<.. .....
...##.##.##.##....##.#.#.
...#.........##..........
.....................#.#
...#..⌠...⌠..#..@.c....#
####.........##..#######
##......>........#########
...#.........#..>.........
##.#..⌠...⌠..#...#########
#..........÷....#
.###........^#...#
.####.##.##.###..#
.##...#..#..# #..#


You could see a centaur.

Vanquished Creatures
  Sigmund (D:3)
  A sky beast (D:3)
  A hound (D:4)
  A bullfrog skeleton (D:4)
  3 iguanas (D:4)
  9 adders
  2 oozes
  2 worms (D:3)
  A dart slug (D:1)
  4 leopard geckos
  4 orcs
  3 giant cockroaches
  9 goblins
  10 hobgoblins
  6 jackals (D:3)
  3 quokkas
  11 bats
  8 frilled lizards
  6 kobolds
  8 rats
93 creatures vanquished.

Notes
Turn   | Place    | Note
-------+----------+-------------------------------------------
     0 | D:1      | negitausen the Gargoyle Earth Elementalist began the quest for the Orb.
     0 | D:1      | Reached XP level 1. HP: 10/10 MP: 3/3
    60 | D:1      | Reached XP level 2. HP: 11/15 MP: 0/5
    80 | D:1      | Reached skill level 4 in Earth Magic
   201 | D:1      | Reached XP level 3. HP: 19/19 MP: 1/7
   879 | D:2      | Reached XP level 4. HP: 20/24 MP: 6/8
   974 | D:2      | Found an ancient bone altar of Kikubaaqudgha.
  1018 | D:2      | Found a shadowy altar of Dithmenos.
  1298 | D:3      | Learned a level 3 spell: Stone Arrow
  1333 | D:3      | Found a sacrificial altar of Ru.
  1363 | D:3      | Learned a level 1 spell: Sandblast
  1772 | D:3      | Reached XP level 5. HP: 28/28 MP: 6/10
  1869 | D:3      | Noticed a sky beast
  1897 | D:3      | Killed a sky beast
  1897 | D:3      | Reached skill level 1 in Maces & Flails
  1897 | D:3      | Reached skill level 5 in Earth Magic
  2000 | D:3      | Noticed Sigmund
  2003 | D:3      | Reached XP level 6. HP: 33/33 MP: 10/12
  2013 | D:3      | Killed Sigmund
  2013 | D:3      | Reached skill level 1 in Conjurations
  2414 | D:4      | Reached skill level 1 in Fighting
  2414 | D:4      | Reached XP level 7. HP: 38/38 MP: 6/13
  2746 | D:4      | Found a staircase to the Ecumenical Temple.
  2758 | Temple   | Entered the Ecumenical Temple
  2826 | Temple   | Became a worshipper of Vehumet
  3033 | D:4      | Shot with an arrow by a centaur

Skill      XL: |  1  2  3  4  5  6 |
---------------+-------------------+-----
Earth Magic    | 4 5 |  5.6
Spellcasting   | 3 4 |  4.8
Maces & Flails | 1 2 |  2.3
Dodging        | 2 |  2.6
Conjurations   | 1 |  1.4
Fighting       | 1 |  1.1
Polearms       | |  0.6
Stealth        | |  2.5
Transmutations | |  0.7

Action                   |  1- 3 |  4- 6 |  7- 9 || total
-------------------------+-------+-------+-------++-------
Melee: Unarmed           |    10 |       |       ||    10
       Whip              |    30 |    94 |       ||   124
       Scythe            |       |    10 |    31 ||    41
 Cast: Sandblast         |    34 |    30 |    14 ||    78
       Stone Arrow       |       |    13 |     1 ||    14
  Use: Scroll            |     3 |     3 |     2 ||     8
       Potion            |     5 |       |       ||     5
 Stab: Sleeping          |       |     1 |       ||     1
  Eat: Chunk             |       |     7 |     2 ||     9
Armor: Robe              |    21 |    62 |    16 ||    99
Dodge: Dodged            |    45 |    75 |    29 ||   149
